 Dungeon Crawl Stone Soup version 0.31-a0-187-gba352fbbf7 (webtiles) character file.

Game seed: 17896127204176788073

54 qw the Shooter (level 3, 0/20 HPs)
             Began as a Deep Elf Hunter on June 22, 2023.
             Slain by a jackal (1 damage)
             ... on level 3 of the Dungeon.
             The game lasted 00:00:30 (1484 turns).

qw the Shooter (Deep Elf Hunter)                    Turns: 1484, Time: 00:00:30

Health: 0/20       AC:  4    Str: 10    XL:     3   Next: 66%
Magic:  5/5        EV: 12    Int: 13    God:
Gold:   114        SH:  0    Dex: 18    Spells: 2/2 levels left

rFire   . . .        Y - +1 shortbow (flame)
rCold   + . .        (shield currently unavailable)
rNeg    . . .        c - +0 leather armour
rPois   .            (no helmet)
rElec   .            (no cloak)
rCorr   .            (no gloves)
SInv    .            m - +0 pair of boots
Will    .....        (no amulet)
Stlth   ++           (no ring)
HPRegen 0.23/turn    (no ring)
MPRegen 0.09/turn

%: no passive effects
@: about to teleport
A: cold resistance 1
a: no special abilities


You were on level 3 of the Dungeon.
You visited 1 branch of the dungeon, and saw 3 of its levels.

You collected 114 gold pieces.


Innate Abilities, Weirdness & Mutations

Your flesh is cold resistant. (rC+)


   Skills:
 - Level 1.5 Fighting
 + Level 7.2 Ranged Weapons
 - Level 2.4 Dodging
 - Level 1.2 Stealth


You had 2 spell levels left.
You didn't know any spells.
Your spell library was empty.

Inventory:

Hand Weapons
 Y - a +1 shortbow of flaming (weapon)
Armour
 c - a +0 leather armour (worn)
 m - a +0 pair of boots (worn)
Scrolls
 a - 2 scrolls of teleportation
 b - a scroll of poison {unknown}
Potions
 d - a potion of berserk rage {unknown}
 e - a potion of ambrosia {unknown}
 i - a potion of mutation
 j - a potion of degeneration {unknown}
 k - a potion of brilliance {unknown}
 p - a potion of heal wounds {unknown}

Dungeon Overview and Level Annotations

Branches:
Dungeon (3/15)

Altars:


Message History

You shoot an arrow. The arrow completely misses the adder.
The adder closely misses you. The jackal barely misses you.
The adder bites you.
You are poisoned.
The adder poisons you!
You shoot an arrow. The arrow misses the adder.
You feel sick. The jackal misses you.
The jackal bites you but does no damage.
The adder misses you. The jackal closely misses you.
The jackal bites you but does no damage.
You shoot an arrow. The arrow closely misses the adder.
You feel sick. The jackal barely misses you. The adder barely misses you.
The jackal bites you but does no damage. x3
The adder misses you.
You shoot an arrow. The arrow misses the adder.
You feel sick.
You are no longer poisoned.
The jackal bites you. The jackal misses you. The jackal barely misses you.
The adder bites you. The jackal completely misses you.
The jackal bites you but does no damage. x2
You shoot an arrow. The arrow hits the adder!
The arrow burns the adder.
The adder is almost dead.
The adder bites you but does no damage.
The jackal bites you but does no damage.
The jackal bites you. The jackal barely misses you. The adder misses you.
The jackal bites you but does no damage.
You shoot an arrow. The arrow hits the adder!
The arrow burns the adder.
You kill the adder!
The jackal bites you but does no damage.
The jackal closely misses you.
The jackal bites you but does no damage. x2
The jackal bites you.
1483 ||| READING 3 scrolls of teleportation.
As you read the scroll of teleportation, it crumbles to dust.
You feel strangely unstable. The jackal bites you.
The jackal completely misses you. The jackal bites you.
You shoot an arrow. The arrow hits the jackal.
The arrow burns the jackal.
You kill the jackal!
The jackal closely misses you. The jackal barely misses you.
The jackal bites you. x2
You die...

....~....#.....
.~.....~...~...
...#.#.........
#"......#(#...
..~...~.....#
....#..%.~..# #.
..~..)~h....#
###. #%h@#.#
..#. ###%..#
#.#. .######.#
#.#. ........# #
#.#. #######.#..
#..###.#. #.#.#
#.....#. #.#.#
#####...
#.#.#.#######...
#.#.#.........#.


You could see 2 jackals.

Vanquished Creatures
  2 adders (D:3)
  4 ball pythons
  4 endoplasms
  A giant cockroach (D:1)
  A goblin (D:2)
  3 hobgoblins
  7 jackals
  A quokka (D:1)
  3 bats
  2 frilled lizards (D:1)
  3 kobolds
  4 rats
35 creatures vanquished.

Notes
Turn   | Place    | Note
-------+----------+-------------------------------------------
     0 | D:1      | qw the Deep Elf Hunter began the quest for the Orb.
     0 | D:1      | Reached XP level 1. HP: 12/12 MP: 3/3
     0 | D:1      | 0 ||| qw: Version: 0.3-a-9-g12657ce
     0 | D:1      | 0 ||| qw: Game counter: 2194
     0 | D:1      | 0 ||| qw: Always use a shield: true
     0 | D:1      | 0 ||| qw: God list: Okawaru
     0 | D:1      | 0 ||| qw: Allow faded altars: false
     0 | D:1      | 0 ||| qw: Do Orc after D:15 true
     0 | D:1      | 0 ||| qw: Do second Lair branch before Depths: true
     0 | D:1      | 0 ||| qw: Lair rune preference: random
     0 | D:1      | 0 ||| qw: Plans: Normal
     0 | D:1      | 0 ||| PLANNING D:1-11
   239 | D:1      | Reached XP level 2. HP: 16/16 MP: 4/4
   255 | D:1      | Reached skill level 6 in Ranged Weapons
   354 | D:1      | You fall into a shaft and drop 1 floor!
   532 | D:2      | 532 ||| UPGRADING to +0 pair of boots.
   537 | D:2      | 537 ||| DROPPING amulet of magic regeneration.
   538 | D:2      | 538 ||| READING scroll labelled DIEPHE ALLENY.
   539 | D:2      | 539 ||| READING scroll labelled ZESESAULAX.
   540 | D:2      | 540 ||| READING scroll labelled KUOLLOPR NEOWN.
   541 | D:2      | 541 ||| READING scroll labelled ULLOKI WICH.
   542 | D:2      | 542 ||| READING scroll labelled XAOSUS WAZOUC.
   543 | D:2      | 543 ||| READING scroll labelled SOMICH ZEAMELL.
   544 | D:2      | 544 ||| DRINKING 2 glowing yellow potions.
   544 | D:2      | Gained mutation: Your flesh is cold resistant. (rC+)
                  | [potion of mutation]
   545 | D:2      | 545 ||| DROPPING scroll of butterflies.
   677 | D:1      | Found a faded altar of an unknown god.
   848 | D:1      | 848 ||| READING 3 scrolls labelled QOICAALUTOKK.
   869 | D:2      | Reached XP level 3. HP: 20/20 MP: 5/5
  1062 | D:2      | 1062 ||| DROPPING ring of wizardry.
  1063 | D:2      | 1063 ||| READING 2 scrolls labelled LAEWEULUSCH.
  1064 | D:2      | 1064 ||| READING scroll labelled MOIMNE PYEJA.
  1165 | D:2      | 1165 ||| DROPPING scroll of revelation.
  1475 | D:3      | Reached skill level 7 in Ranged Weapons
  1482 | D:3      | HP: 5/20 [jackal (2)]
  1483 | D:3      | 1483 ||| READING 3 scrolls of teleportation.
  1484 | D:3      | HP: 1/20 [jackal (3)]
  1484 | D:3      | Slain by a jackal

Levels and vault maps discovered:
D:1:      co_arrival_random_square_maze, layout_rooms,
          shapermc_ecumenical_altar_flowoftime, minmay_misc_feat_doors
D:2:      layout_rooms
D:3:      layout_basic, nicolae_kite_square_tiling_tiny

Skill      XL: |  1  2  3 |
---------------+----------+-----
Ranged Weapons | 6 7 |  7.2
Fighting       | |  1.5
Dodging        | |  2.4
Stealth        | |  1.2

Action                     || total
---------------------------++-------
   Fire: Shortbow          ||    91
    Use: Scroll            ||    10
         Potion            ||     1
 Armour: Leather armour    ||    20
  Dodge: Dodged            ||    42

Table legend:
 A = Non-vault XP
 B = Vault XP
 C = Vault XP percentage of total XP
 D = Non-vault monster count
 E = Vault monster count
 F = Vault count percentage of total count
                 A         B        C        D         E       F
            +---------+---------+-------+---------+---------+-------
      Total |      80 |       0 |   0.0 |      35 |       0 |   0.0
            +---------+---------+-------+---------+---------+-------
        D:1 |      31 |       0 |   0.0 |      19 |       0 |   0.0
        D:2 |      10 |       0 |   0.0 |       7 |       0 |   0.0
        D:3 |      39 |       0 |   0.0 |       9 |       0 |   0.0
            +---------+---------+-------+---------+---------+-------
